 Dungeon Crawl Stone Soup version 0.21.1-1-g345015fe64 (webtiles) character file.

125380 Jannitor the Fighter (level 16, -8/127 HPs)
             Began as a Demonspawn Arcane Marksman on May 29, 2018.
             Was an Initiate of Gozag.
             Shot with a bolt by a naga sharpshooter (12 damage)
             ... on level 1 of the Snake Pit.
             The game lasted 01:05:08 (32449 turns).

Jannitor the Fighter (Demonspawn Arcane Marksman)  Turns: 32449, Time: 01:05:09

Health: -8/127     AC: 21    Str: 18    XL:     16   Next: 41%
Magic:  44/44      EV: 26    Int: 21    God:    Gozag
Gold:   894        SH:  0    Dex: 23    Spells: 9/29 levels left

rFire    + + .     SeeInvis +   a - +5 hand crossbow of Judeir {venom, rF+ MR+ MP+9 Dex+4}
rCold    + + +     Gourm    .   (no shield)
rNeg     . . .     Faith    .   J - +0 ice dragon scales
rPois    +         Spirit   .   K - +1 helmet {Int+3}
rElec    +         Reflect  .   A - scarf {rC+ rF+}
rCorr    .         Harm     +   B - +1 pair of gloves
MR       ++...                  (boots unavailable)
Stlth    ..........             H - amulet of harm
HPRegen  0.31/turn              e - ring of protection from fire
MPRegen  0.29/turn              y - ring of Pride {rElec MP+9 EV+5 SInv Stlth-}

@: agile, lethally poisoned (-8 -> -8), portal projectile, gold aura, studying
Armour
A: claws 1, talons 3, yellow scales 2, clever 1, poison resistance, powered by
pain 3, spiny 2, strong 1
a: Potion Petition, Call Merchant, Bribe Branch, Renounce Religion, Cancel
Portal Projectile


You were on level 1 of the Snake Pit.
You worshipped Gozag.
Gozag was pleased with you.
You were full.

You visited 5 branches of the dungeon, and saw 25 of its levels.

You collected 9271 gold pieces.
You spent 6638 gold pieces at shops.
You paid 1739 gold pieces to Gozag.

Inventory:

Hand Weapons
 a - the +5 hand crossbow of Judeir (weapon) {venom, rF+ MR+ MP+9 Dex+4}
   (You bought it in a shop on level 1 of the Snake Pit)

   It poisons the ammo it fires.
   It affects your dexterity (+4).
   It protects you from fire.
   It affects your resistance to hostile enchantments.
   It affects your magic capacity (+9).
 b - the +9 great sword "Asiba" {slice, rElec}
   (You bought it in a shop on level 4 of the Dungeon)

   It inflicts extra damage upon your enemies.
   It insulates you from electricity.
 l - a +1 great sword of flaming
 L - a +1 hand crossbow of venom
Missiles
 d - 90 bolts (quivered)
Armour
 A - a scarf of resistance (worn)
 B - a +1 pair of gloves (worn)
 J - +0 ice dragon scales (worn)
 K - a +1 helmet of intelligence (worn)
Jewellery
 e - a ring of protection from fire (left hand)
 y - the ring of Pride (right hand) {rElec MP+9 EV+5 SInv Stlth-}
   (You bought it in a shop on level 9 of the Dungeon)

   [ring of evasion]

   It affects your evasion (+5).
   It insulates you from electricity.
   It affects your magic capacity (+9).
   It lets you see invisible.
   It makes you less stealthy.
 E - an uncursed ring of protection from cold {unknown}
 H - an amulet of harm (around neck)
 Q - an uncursed ring of resist corrosion
Wands
 s - a wand of polymorph (20)
 x - a wand of acid (6)
 G - a wand of iceblast (14)
 P - a wand of scattershot (1)
 W - a wand of flame (42)
 X - a wand of digging (32)
 Y - a wand of disintegration (10)
Scrolls
 g - 2 scrolls of magic mapping
 h - 11 scrolls of remove curse
 i - 5 scrolls of teleportation
 k - 8 scrolls of enchant weapon
 m - 14 scrolls of identify
 o - 4 scrolls of enchant armour
 r - 6 scrolls of fog
 t - a scroll of fear
 D - a scroll of vulnerability
 F - a scroll of amnesia
 T - 4 scrolls of blinking
 V - 3 scrolls of silence
Potions
 c - a potion of magic
 n - 8 potions of curing
 p - a potion of brilliance
 q - 2 potions of cancellation
 u - a potion of resistance
 v - a potion of ambrosia
 w - 3 potions of flight
 z - 3 potions of invisibility
 C - 3 potions of mutation
 M - 6 potions of haste
 O - 4 potions of agility
 U - 4 potions of might
Books
 j - a manual of
Armour
 I - a Grand Grimoire

   Spells                             Type                      Level
   a - Monstrous Menagerie            Summoning                    7
   b - Summon Greater Demon           Summoning                    7
   c - Malign Gateway                 Summoning/Translocation      7
   d - Summon Horrible Things         Summoning                    8
Comestibles
 f - 16 rations


   Skills:
 + Level 12.1 Fighting
   Level 6.7(10.3) Short Blades
 * Level 11.9(12.6) Long Blades
 + Level 11.4 Crossbows
 + Level 11.5 Armour
 + Level 8.3 Dodging
 + Level 7.2 Spellcasting
 + Level 10.6 Hexes
 - Level 5.1 Translocations


You had 9 spell levels left.
You knew the following spells:

 Your Spells              Type           Power        Failure   Level  Hunger
a - Corona                Hex            ######.      1%          1    None
b - Portal Projectile     Hex/Tloc       #####.       3%          3    None
c - Cause Fear            Hex            ######....   3%          4    ###....
d - Inner Flame           Hex/Fire       ####....     9%          3    None
e - Leda's Liquefaction   Hex/Erth       ####......   28%         4    ###....
f - Metabolic Englaciati  Hex/Ice        ####......   61%         5    #####..


Dungeon Overview and Level Annotations

Branches:
Dungeon (15/15)            Temple (1/1) D:4            Lair (6/6) D:10
 Shoals (0/4) Lair:4        Snake (1/4) Lair:4        Slime (0/5) Lair:5
    Orc (2/2) D:12            Elf (0/3) Orc:2        Vaults (0/5) D:14
 Depths (0/5) D:15

Altars:
Ashenzari
Cheibriados
Dithmenos
Elyvilon
Fedhas
Gozag
Hepliaklqana
Kikubaaqudgha
Makhleb
Nemelex Xobeh
Okawaru
Qazlal
Ru
Sif Muna
Trog
Uskayaw
Vehumet
Wu Jian
Xom
Yredelemnul
Zin
The Shining One
Beogh

Shops:
D:4 *   D:5 [   D:9 =   D:10 %   Orc:1 =   Orc:2 ([:?   Snake:1 [(

Annotations:
D:14 exclusion: Roxanne, Roxanne
Lair:3 exclusion: oklob plant


Innate Abilities, Weirdness & Mutations

You have claws for feet.
You are mostly covered in yellow scales. (AC +3)
You are powered by pain.
You are mostly covered in sharp spines.
You have sharp fingernails.
Your mind is acute. (Int +2)
Your system is resistant to poisons. (rPois)
Your muscles are strong. (Str +2)


Message History

The bolt hits you!
The naga sharpshooter mumbles some strange words.
The naga sharpshooter magically shoots an arrow.
The arrow hits you!!
* * * LOW HITPOINT WARNING * * *
You focus on the pain.
You feel your power returning.
You kill the naga sharpshooter!
The naga sharpshooter casts a spell.
The naga sharpshooter magically shoots a bolt.
The bolt hits you!
* * * LOW HITPOINT WARNING * * *
You focus on the pain.
You feel agile all of a sudden.
You see here 2 bolts.
You feel sick.
The naga sharpshooter mumbles some strange words.
The naga sharpshooter magically shoots a bolt.
The bolt hits you!
You die...
Your body crumbles into a pile of gold.

....## #......#..######.........
....(####..........#.##.....##...
####((.##................#...###.
...............######...##....###
..............## .#......#..##
...............# ##...####..#
)....###.......## ##..####...
..#### ###..##..## #∩..##.(.( ..#
##.####.@#######∩(..NN((# ..#
#..# ###(((..N(((####..#
#.#######..## #........## ##.#
...#........# #..####..# #.#
............## ##.# ##.## #..
##.#####.....# #.# #..# #.. #.#
#.....## #.# ##.# #.. #.#
#.###..## #.# #.## #.. #.# ###
##..###.# #..## #..


You could see a naga sharpshooter.

Vanquished Creatures
  Rupert (D:14)
  A fire giant (D:12)
  3 orc warlords (Orc:1)
  Louise (D:14)
  The ghost of Ingvold the Grappler, a journeyman TrMo of Wu Jian (D:11)
  Snorg (Lair:4)
  Fannar (Orc:1)
  Josephine (Lair:5)
  Erolcha (Orc:1)
  A rakshasa (D:15)
  5 hydras
  3 ogre magi
  4 anacondas (Snake:1)
  4 centaur warriors
  3 naga warriors (Snake:1)
  15 two-headed ogres
  5 death yaks
  5 naga sharpshooters (Snake:1)
  2 shock serpents (Snake:1)
  4 orc high priests (Orc:2)
  Nergalle (Lair:3)
  Sonja (Lair:4)
  A salamander mystic (Snake:1)
  3 unseen horrors
  The ghost of Chudej the Thaumaturge, a novice DECj of Vehumet (D:10)
  A naga ritualist (Snake:1)
  A wolf spider (D:12)
  An orc knight (Orc:2)
  5 ugly things
  3 mana vipers (Snake:1)
  A cyclops (D:14)
  A manticore (D:13)
  4 deep elf magi
  5 orc sorcerers
  2 salamanders (Snake:1)
  9 elephants
  11 black mambas
  7 centaur zombies
  6 naga magi
  A torpor snail (Lair:6)
  A gargoyle (D:12)
  2 yaktaurs (D:12)
  19 spiny frogs
  A kobold demonologist (D:15)
  A freezing wraith (D:12)
  A rime drake (Lair:3)
  8 komodo dragons
  2 polar bears
  3 meliai (D:14)
  A hornet (D:14)
  Grinder (D:6)
  4 tyrant leeches (Lair:6)
  Prince Ribbit (D:6)
  5 trolls
  12 hippogriffs
  A harpy skeleton (D:15)
  2 slime creatures (D:12)
  4 dream sheep (Lair:6)
  44 blink frogs
  A vampire (D:15)
  4 wraiths (Lair:4)
  4 wyverns
  A fire elemental (Lair:4)
  39 yaks
  5 basilisks
  17 vampire mosquitoes
  2 hungry ghosts
  8 wargs
  16 nagas
  Edmund (D:4)
  2 insubstantial wisps (Lair:6)
  13 water moccasins
  Duvessa (D:6)
  2 ice beasts
  7 porcupines
  52 orc warriors
  A sky beast (D:9)
  2 black bears
  18 ogres
  3 phantoms
  4 wolves (Lair:1)
  12 centaurs
  12 crocodiles
  The ghost of Chudej the Magician, an amateur DECj (D:3)
  Blork the orc (D:6)
  3 big kobolds (D:15)
  35 bullfrogs
  A wyvern zombie (D:12)
  Dowan (D:6)
  A gnoll sergeant (D:11)
  5 scorpions
  23 killer bees
  3 electric eels
  17 wights
  2 crimson imps
  4 bullfrog zombies
  6 jellies
  3 quasits
  4 centaur skeletons
  30 orc priests
  7 hounds
  2 bullfrog skeletons
  6 iguanas
  32 orc wizards
  9 worker ants
  A killer bee zombie (D:6)
  A hound skeleton (D:5)
  2 worker ant zombies (D:6)
  7 gnolls
  A howler monkey skeleton (D:5)
  19 adders
  6 shadow imps
  6 oozes
  2 adder skeletons (D:6)
  2 worms (D:2)
  A dart slug (D:1)
  2 leopard geckos
  135 orcs
  5 ball pythons
  12 bats
  5 giant cockroaches
  8 goblins
  4 hobgoblins
  14 jackals
  5 quokkas
  A quokka (shapeshifter) (D:12)
  7 frilled lizards
  10 kobolds
  A leopard gecko skeleton (D:3)
  2 leopard gecko zombies
  A quokka skeleton (D:7)
  10 rats
  A fungus (Lair:6)
  2 plants (Lair:6)
936 creatures vanquished.

Vanquished Creatures (others)
  A torpor snail (Lair:5)
  2 blink frogs (Lair:5)
  2 yaks (Lair:5)
  An orc wizard (Orc:2)
  3 bushes (Lair:6)
  21 fungi
  40 plants
70 creatures vanquished.

Grand Total: 1006 creatures vanquished

Notes
Turn   | Place    | Note
-------+----------+-------------------------------------------
     0 | D:1      | Jannitor the Demonspawn Arcane Marksman began the quest for the Orb.
     0 | D:1      | Reached XP level 1. HP: 15/15 MP: 2/2
   161 | D:1      | Gained mutation: You have sharp toenails. [demonic ancestry]
   161 | D:1      | Reached XP level 2. HP: 21/21 MP: 3/3
   306 | D:1      | Gained mutation: You are partially covered in sharp spines. [demonic ancestry]
   306 | D:1      | Reached XP level 3. HP: 25/27 MP: 4/4
   626 | D:1      | Reached skill level 2 in Fighting
  1110 | D:2      | Reached XP level 4. HP: 16/34 MP: 5/5
  1193 | D:2      | Noticed an ogre
  1344 | D:2      | Found a deep blue altar of Sif Muna.
  2346 | D:3      | Gained mutation: You are partially covered in yellow scales. (AC +2) [demonic ancestry]
  2346 | D:3      | Reached XP level 5. HP: 40/40 MP: 6/6
  2412 | D:3      | Found a sparkling altar of Nemelex Xobeh.
  2419 | D:3      | Noticed Chudej's ghost (amateur DECj)
  2423 | D:3      | Reached skill level 3 in Fighting
  2449 | D:3      | Killed Chudej's ghost
  2754 | D:3      | Gained mutation: You sometimes gain a little power by taking damage. [demonic ancestry]
  2754 | D:3      | Reached XP level 6. HP: 47/47 MP: 7/7
  3487 | D:4      | Found a snail-covered altar of Cheibriados.
  3653 | D:4      | Found a staircase to the Ecumenical Temple.
  3698 | D:4      | Got an amber-studded scale mail
  3710 | D:4      | Identified the +4 scale mail "Zetust" {Dex+5} (You found it on level 4 of the Dungeon)
  3739 | D:4      | Reached skill level 1 in Short Blades
  3783 | D:4      | Found a radiant altar of Vehumet.
  3814 | D:4      | Reached skill level 4 in Fighting
  3830 | D:4      | Found Gept's Goods Gallery.
  3849 | D:4      | Gained mutation: Your muscles are strong. (Str +2) [potion of mutation]
  3849 | D:4      | Gained mutation: You have sharp fingernails. [potion of mutation]
  3849 | D:4      | Gained mutation: Your system is resistant to poisons. (rPois) [potion of mutation]
  3849 | D:4      | Gained mutation: Your mind is acute. (Int +2) [potion of mutation]
  3856 | D:4      | Reached XP level 7. HP: 24/54 MP: 8/8
  3859 | D:4      | Reached skill level 1 in Armour
  4070 | D:4      | Noticed Edmund
  4090 | D:4      | Killed Edmund
  4127 | D:4      | Noticed a hungry ghost
  4145 | D:4      | Killed a hungry ghost
  4427 | D:5      | Entered Level 5 of the Dungeon
  4529 | D:5      | Reached skill level 5 in Fighting
  4566 | D:5      | Gained mutation: You sometimes gain power by taking damage. [demonic ancestry]
  4566 | D:5      | Reached XP level 8. HP: 62/62 MP: 9/9
  4623 | D:5      | Reached skill level 5 in Crossbows
  4875 | D:5      | Found Apnan's Antique Armour Boutique.
  4880 | D:5      | Bought a runed scarf for 152 gold pieces
  5034 | D:6      | Noticed Duvessa
  5034 | D:6      | Noticed Dowan
  5046 | D:6      | Killed Duvessa
  5061 | D:6      | Killed Dowan
  5105 | D:6      | Noticed Prince Ribbit
  5566 | D:6      | Reached skill level 6 in Fighting
  5612 | D:6      | Killed Prince Ribbit
  5612 | D:6      | Gained mutation: You are powered by pain. [demonic ancestry]
  5612 | D:6      | Reached XP level 9. HP: 69/69 MP: 10/10
  5625 | D:6      | Noticed Blork the orc
  5642 | D:6      | Killed Blork the orc
  5765 | D:6      | Noticed Grinder
  5774 | D:6      | Paralysed by Grinder for 2 turns
  5786 | D:6      | Killed Grinder
  6093 | Temple   | Entered the Ecumenical Temple
  6209 | Temple   | Became a worshipper of Gozag Ym Sagoz the Greedy
  6367 | D:7      | Found a stormy altar of Qazlal.
  6656 | D:7      | Reached skill level 5 in Short Blades
  6700 | D:7      | Found an iron altar of Okawaru.
  6735 | D:7      | Reached skill level 5 in Armour
  6793 | D:7      | Found a shadowy altar of Dithmenos.
  6804 | D:7      | Reached skill level 7 in Fighting
  6811 | D:7      | Learned a level 3 spell: Portal Projectile
  6816 | D:7      | Learned a level 4 spell: Cause Fear
  7118 | D:8      | Noticed a two-headed ogre
  7214 | D:8      | Killed a two-headed ogre
  7214 | D:8      | Reached XP level 10. HP: 55/79 MP: 11/11
  7304 | D:8      | Noticed a two-headed ogre
  7785 | D:9      | Noticed a two-headed ogre
  7795 | D:9      | Killed a two-headed ogre
  7969 | D:9      | Reached skill level 8 in Fighting
  8218 | D:9      | Found Mihixt's Jewellery Shoppe.
  8269 | D:10     | Entered Level 10 of the Dungeon
  8481 | D:10     | Reached skill level 1 in Translocations
  8511 | D:10     | Reached skill level 5 in Hexes
  8573 | D:10     | Noticed Chudej's ghost (novice DECj)
  8589 | D:10     | Killed Chudej's ghost
  8742 | D:10     | Found a radiant altar of Vehumet.
  8937 | D:10     | Found a staircase to the Lair.
  9462 | D:10     | Found Etzom's Food Boutique.
  9620 | D:4      | Bought the +9 great sword "Asiba" {slice, rElec} for 687 gold pieces
  9757 | D:10     | Gained mutation: You have razor-sharp toenails. [demonic ancestry]
  9757 | D:10     | Reached XP level 11. HP: 87/87 MP: 12/12
  9873 | D:11     | Found a burning altar of Makhleb.
  9877 | D:11     | Noticed a green ugly thing
  9884 | D:11     | Killed a green ugly thing
  9887 | D:11     | Reached skill level 1 in Long Blades
  9921 | D:11     | Found Quwnuec's Food Shoppe.
  9938 | D:11     | Bought a ration for 50 gold pieces
  9938 | D:11     | Bought a ration for 50 gold pieces
  9938 | D:11     | Bought a ration for 50 gold pieces
  9938 | D:11     | Bought a ration for 50 gold pieces
 10017 | D:11     | Noticed Ingvold's ghost (journeyman TrMo)
 10281 | D:11     | Killed Ingvold's ghost
 10479 | D:11     | Noticed a brown ugly thing
 10487 | D:11     | Killed a brown ugly thing
 10673 | D:12     | Noticed a two-headed ogre
 10694 | D:12     | Killed a two-headed ogre
 10735 | D:12     | Reached skill level 9 in Fighting
 10771 | D:12     | Noticed a swamp dragon
 10772 | D:12     | a swamp dragon changed into a snapping turtle
 10774 | D:12     | Noticed a lindwurm
 10774 | D:12     | a snapping turtle changed into a lindwurm
 10797 | D:12     | Noticed a centaur warrior
 11149 | D:12     | Killed a centaur warrior
 11300 | D:12     | Noticed a fire giant
 11329 | D:12     | Noticed a wolf spider
 11334 | D:12     | Killed a wolf spider
 11432 | D:12     | Gained mutation: You are mostly covered in yellow scales. (AC +3) [demonic ancestry]
 11432 | D:12     | Reached XP level 12. HP: 84/95 MP: 13/13
 11496 | D:12     | Reached skill level 5 in Long Blades
 11842 | D:12     | Found a staircase to the Orcish Mines.
 11867 | D:12     | Killed a fire giant
 12115 | D:12     | Noticed a centaur warrior
 12404 | D:12     | Killed a centaur warrior
 12457 | D:13     | Noticed a centaur warrior
 12463 | D:13     | Killed a centaur warrior
 12694 | D:13     | Noticed a two-headed ogre
 12699 | D:13     | Killed a two-headed ogre
 13378 | D:13     | Reached skill level 5 in Translocations
 13771 | Lair:1   | Entered Level 1 of the Lair of Beasts
 13856 | Lair:1   | Reached skill level 10 in Fighting
 14733 | Lair:2   | Found a hazy altar of Hepliaklqana.
 14750 | Lair:2   | Gained mutation: You are mostly covered in sharp spines. [demonic ancestry]
 14750 | Lair:2   | Reached XP level 13. HP: 54/103 MP: 6/15
 16164 | Lair:3   | Noticed Nergalle
 16176 | Lair:3   | Killed Nergalle
 17026 | Lair:4   | Noticed Snorg
 17037 | Lair:4   | Killed Snorg
 17586 | Lair:4   | Found a staircase to the Snake Pit.
 17785 | Lair:4   | Noticed Sonja
 17791 | Lair:4   | Killed Sonja
 17791 | Lair:4   | Reached skill level 5 in Dodging
 18224 | Lair:4   | Found a staircase to the Shoals.
 18295 | Lair:5   | Noticed Josephine
 18402 | Lair:5   | Killed Josephine
 18520 | Lair:5   | Found a staircase to the Slime Pits.
 19542 | Lair:4   | Reached skill level 10 in Crossbows
 19714 | Lair:5   | Reached XP level 14. HP: 98/111 MP: 19/19
 20225 | Lair:6   | Entered Level 6 of the Lair of Beasts
 21111 | Orc:1    | Entered Level 1 of the Orcish Mines
 21147 | Orc:1    | Noticed Erolcha
 21155 | Orc:1    | Killed Erolcha
 21396 | Orc:2    | Entered Level 2 of the Orcish Mines
 21567 | Orc:2    | Noticed an orc warlord
 21621 | Orc:1    | Killed an orc warlord
 21809 | Orc:1    | Learned a level 3 spell: Inner Flame
 21814 | Orc:1    | Learned a level 4 spell: Leda's Liquefaction
 21820 | Orc:1    | Learned a level 5 spell: Metabolic Englaciation
 21955 | Orc:2    | Found a roughly hewn altar of Beogh.
 21955 | Orc:2    | Found a staircase to the Elven Halls.
 22107 | Orc:2    | Found a roughly hewn altar of Beogh.
 22134 | Orc:2    | Noticed an orc warlord
 22174 | Orc:1    | Killed an orc warlord
 22174 | Orc:1    | Reached skill level 11 in Fighting
 22400 | Orc:2    | Found Kiash's Book Emporium.
 22417 | Orc:2    | Found a roughly hewn altar of Beogh.
 22656 | Orc:2    | Found a roughly hewn altar of Beogh.
 23043 | Orc:2    | Reached skill level 5 in Spellcasting
 23340 | Orc:2    | Found a roughly hewn altar of Beogh.
 23511 | Orc:1    | Noticed Fannar
 23532 | Orc:1    | Killed Fannar
 23532 | Orc:1    | Reached skill level 10 in Long Blades
 23754 | Orc:1    | Found Kana's Jewellery Shop.
 24035 | Orc:1    | Bought a cursed -4 ring of slaying for 30 gold pieces
 24178 | Orc:2    | Found a roughly hewn altar of Beogh.
 24283 | Orc:2    | Found a roughly hewn altar of Beogh.
 24386 | Orc:2    | Noticed an orc warlord
 24579 | Orc:1    | Killed an orc warlord
 25005 | Orc:2    | Found Toila's Antique Armour Emporium.
 25006 | Orc:2    | Found a roughly hewn altar of Beogh.
 25007 | Orc:2    | Found Ible Wil's Antique Weapon Shoppe.
 25068 | Orc:2    | Found a roughly hewn altar of Beogh.
 25073 | Orc:2    | Found Popnoer's Magic Scroll Emporium.
 25092 | Orc:2    | Bought a scroll of blinking for 112 gold pieces
 25092 | Orc:2    | Bought a scroll of teleportation for 45 gold pieces
 25092 | Orc:2    | Bought a scroll of teleportation for 45 gold pieces
 25092 | Orc:2    | Bought a scroll of enchant armour for 112 gold pieces
 25128 | Orc:2    | Bought a manual of Armour for 1766 gold pieces
 25263 | D:9      | Bought the ring of Pride {rElec MP+9 EV+5 SInv Stlth-} for 1179 gold pieces
 25371 | D:11     | Bought a ration for 50 gold pieces
 25371 | D:11     | Bought a ration for 50 gold pieces
 25371 | D:11     | Bought a ration for 50 gold pieces
 25371 | D:11     | Bought a ration for 50 gold pieces
 25371 | D:11     | Bought a ration for 50 gold pieces
 25711 | D:14     | Noticed Louise
 25722 | D:14     | Killed Louise
 25722 | D:14     | Gained mutation: You have claws for feet. [demonic ancestry]
 25722 | D:14     | Reached XP level 15. HP: 93/119 MP: 23/23
 25905 | D:14     | Noticed Roxanne
 26152 | D:14     | Noticed Rupert
 26165 | D:14     | Killed Rupert
 26461 | D:14     | Found a gate to the Vaults.
 26474 | D:14     | Reached skill level 10 in Armour
 27036 | D:15     | Entered Level 15 of the Dungeon
 27826 | D:15     | Found a staircase to the Depths.
 27836 | D:15     | Reached skill level 10 in Hexes
 29273 | Lair:6   | Reached XP level 16. HP: 124/127 MP: 26/26
 29660 | Snake:1  | Entered Level 1 of the Snake Pit
 29951 | Snake:1  | Reached skill level 12 in Fighting
 31634 | Snake:1  | Bought +0 ice dragon scales for 840 gold pieces
 31644 | Snake:1  | Bought a +1 helmet of intelligence for 231 gold pieces
 32055 | Snake:1  | Bought the +5 hand crossbow of Judeir {venom, rF+ MR+ MP+9 Dex+4} for 989 gold pieces
 32448 | Snake:1  | HP: 5/127 [naga sharpshooter/bolt (20)]
 32449 | Snake:1  | Shot with a bolt by a naga sharpshooter

Skill      XL: |  1  2  3  4  5  6  7  8  9 10 11 12 13 14 15 16 |
---------------+-------------------------------------------------+-----
Crossbows      | 2 3 4 5 7 8 9 10 11 | 11.4
Dodging        | 2 3 4 5 6 7 8 |  8.3
Fighting       | 2 3 4 5 6 7 8 9 10 11 12 | 12.1
Short Blades   | 1 2 4 5 6 |  6.7
Armour         | 2 4 5 6 7 8 9 11 | 11.5
Hexes          | 5 6 7 8 9 10 | 10.6
Translocations | 2 3 5 |  5.1
Long Blades    | 4 7 8 10 11 | 11.9
Spellcasting   | 3 5 6 7 |  7.2

Action                   |  1- 3 |  4- 6 |  7- 9 | 10-12 | 13-15 | 16-18 || total
-------------------------+-------+-------+-------+-------+-------+-------++-------
Melee: Unarmed           |     3 |       |       |       |       |       ||     3
       Dagger            |    47 |   159 |       |       |       |       ||   206
       Rapier            |       |    55 |   352 |   171 |       |       ||   578
       Great sword       |       |       |       |   233 |   698 |    66 ||   997
       Kick              |       |       |       |       |   102 |    23 ||   125
 Fire: Hand crossbow     |    33 |    23 |    31 |    69 |   304 |   150 ||   610
 Cast: Portal Projectile |       |       |       |     6 |    33 |     7 ||    46
Invok: Potion Petition   |       |       |       |       |     1 |     1 ||     2
       Call Merchant     |       |       |       |       |       |     2 ||     2
Evoke: Wand              |       |       |       |     3 |     4 |     2 ||     9
  Use: Potion            |       |     8 |       |     8 |     1 |       ||    17
       Scroll            |       |     5 |     8 |    12 |    12 |       ||    37
 Stab: Distracted        |       |       |     2 |     4 |     7 |     3 ||    16
       Invisible         |       |       |       |     3 |       |       ||     3
       Confused          |       |       |       |       |     2 |       ||     2
  Eat: Chunk             |       |     8 |    10 |       |       |       ||    18
       Ration            |       |       |     1 |     9 |    15 |     3 ||    28
Armor: Robe              |    23 |    62 |       |       |       |       ||    85
       Skin              |       |    20 |       |       |       |       ||    20
       Scale mail        |       |    15 |   146 |   191 |   301 |    18 ||   671
       Ice dragon scales |       |       |       |       |       |     8 ||     8
Dodge: Dodged            |    45 |   119 |   175 |   298 |   680 |    87 ||  1404
       Rpst.: Great sword |       |       |       |    51 |   159 |     6 ||   216
